[Event "Titled Tuesday Blitz March 07 Late 2023"]
[White "Kosakowski, Jakub"]
[Black "Hakobyan, Aram"]
[WhiteFideId "1185080"]
[BlackFideId "13306677"]
[WhiteElo "2488"]
[BlackElo "2563"]
[Result "0-1"]
[Round "06"]
[TimeControl "180+2"]
[Date "2023.03.07"]
[WhiteClock "0:01:11"]
[BlackClock "0:00:58"]

1. Nf3 g6 2. b3 Bg7 3. d4 c5 4. Bb2 Nc6 5. e3 d5 6. g3 Bg4 7. Bg2 cxd4 8. exd4 Nf6 9. O-O Qc8 10. Re1 O-O 11. Nbd2 Re8 12. a3 Bh6 13. Qe2 Qf5 14. Nf1 Rac8 15. b4 Ne4 16. Ne3 Bxe3 17. fxe3 Ng5 18. Nh4 Bxe2 19. Nxf5 Nf3+ 20. Bxf3 Bxf3 21. Nh4 Be4 22. Rac1 Nb8 23. Ng2 Nd7 24. Nf4 Nb6 25. Nd3 Nc4 26. Ba1 Nxa3 27. Nc5 Nxc2 28. Re2 b6 29. Nxe4 Nxd4 0-1


[Site "https://www.chess.com"]

[Event "Titled Tuesday Blitz March 07 Late 2023"]
[White "Albornoz Cabrera, Carlos Daniel"]
[Black "Sjugirov, Sanan"]
[WhiteFideId "3518736"]
[BlackFideId "4189302"]
[WhiteElo "2501"]
[BlackElo "2569"]
[Result "1/2-1/2"]
[Round "06"]
[TimeControl "180+2"]
[Date "2023.03.07"]
[WhiteClock "0:00:55"]
[BlackClock "0:00:08"]

1. Nf3 d5 2. d4 Nf6 3. c4 e6 4. Nc3 Nbd7 5. cxd5 exd5 6. Bg5 c6 7. e3 Be7 8. Bd3 h6 9. Bh4 O-O 10. Qc2 Re8 11. O-O Ne4 12. Bxe4 Bxh4 13. Bh7+ Kh8 14. Bf5 Be7 15. a3 Bd6 16. b4 a6 17. Na4 Nf6 18. Nc5 Qe7 19. Rac1 Bxf5 20. Qxf5 a5 21. Rb1 axb4 22. axb4 Ne4 23. Nxe4 dxe4 24. Nd2 Bxb4 25. Nxe4 Ra5 26. Qf3 Qxe4 27. Qxe4 Rxe4 28. Rxb4 Re7 29. Rfb1 Ra7 30. g4 Kg8 31. Kg2 Kf8 32. Rc1 Ke8 33. Rc5 Kd7 34. h4 Kd6 35. h5 Ra2 36. Kg3 f6 37. Rc1 b5 38. Rc5 Rea7 39. Rb1 Ra1 40. Rb3 R7a3 41. Rb4 R3a2 42. Rf5 Ra4 43. Rb2 R4a2 44. Rb3 Ra3 45. Rb2 R1a2 46. Rb1 Ra1 47. Rb2 R3a2 48. Rb3 Ra3 49. Rb2 1/2-1/2


[Site "https://www.chess.com"]

[Event "Titled Tuesday Blitz March 07 Late 2023"]
[White "Krzyzanowski, Marcin"]
[Black "Nakamura, Hikaru"]
[WhiteFideId "1132199"]
[BlackFideId "2016192"]
[WhiteElo "2471"]
[BlackElo "2879"]
[Result "0-1"]
[Round "06"]
[TimeControl "180+2"]
[Date "2023.03.07"]
[WhiteClock "0:00:02"]
[BlackClock "0:01:03"]

1. e4 e5 2. Nf3 Nc6 3. Nc3 Nge7 4. d4 exd4 5. Nxd4 Nxd4 6. Qxd4 Nc6 7. Qd3 Bc5 8. Bd2 d6 9. Qg3 O-O 10. O-O-O f5 11. Bg5 Qe8 12. Bd3 Ne5 13. Bb5 c6 14. Ba4 Ng4 15. Bb3+ Kh8 16. Rhf1 fxe4 17. Bf4 d5 18. h3 Nf6 19. Be3 Qe7 20. Bxc5 Qxc5 21. Ne2 a5 22. a4 Bd7 23. Nf4 Rae8 24. Rfe1 b5 25. c3 bxa4 26. Bxa4 Qc4 27. Rd4 Qa2 28. Bc2 Rb8 29. b3 c5 30. Rd2 Qa1+ 31. Bb1 Rxb3 32. Rc2 Rxb1+ 33. Kd2 Rxe1 0-1


[Site "https://www.chess.com"]

[Event "Titled Tuesday Blitz March 07 Late 2023"]
[White "Baskakov, Egor"]
[Black "Naroditsky, Daniel"]
[WhiteFideId "24197866"]
[BlackFideId "2026961"]
[WhiteElo "2212"]
[BlackElo "2633"]
[Result "0-1"]
[Round "06"]
[TimeControl "180+2"]
[Date "2023.03.07"]
[WhiteClock "0:00:06"]
[BlackClock "0:00:06"]

1. e4 c5 2. Nf3 d6 3. d4 cxd4 4. Nxd4 Nf6 5. Nc3 a6 6. a4 e5 7. Nde2 Be6 8. g3 Be7 9. Bg2 O-O 10. h3 Nbd7 11. O-O Rc8 12. Be3 Qc7 13. a5 Rfd8 14. Qd2 Nc5 15. g4 Qc6 16. Nd5 Bxd5 17. exd5 Qb5 18. b3 Nce4 19. Qd1 Nc3 20. Nxc3 Rxc3 21. Bd2 Rcc8 22. c4 Qe8 23. Re1 Nd7 24. Be3 h6 25. f4 exf4 26. Bxf4 Qf8 27. Ra2 Bg5 28. Bg3 Bf6 29. Rae2 Be5 30. Bf2 f5 31. gxf5 Qxf5 32. Qc2 Qf4 33. Qg6 Qh2+ 34. Kf1 Rf8 35. Qg4 Nc5 36. Rxe5 dxe5 37. Re3 Rc7 38. Rf3 Rxf3 39. Bxf3 Nd3 40. Be3 Rf7 41. d6 e4 42. Qxe4 Qxd6 43. Ke2 Nc1+ 44. Bxc1 Re7 45. Be3 Qh2+ 46. Kd3 Rxe4 47. Bxe4 Qxh3 48. Bxb7 Qf5+ 49. Kc3 Qxa5+ 50. Kd3 Kf8 51. c5 Qb5+ 52. Kc3 Qxb7 53. Kc4 Qc6 54. Bd4 g5 55. b4 h5 0-1


[Site "https://www.chess.com"]

[Event "Titled Tuesday Blitz March 07 Late 2023"]
[White "Melkumyan, Hrant"]
[Black "Firouzja, Alireza"]
[WhiteFideId "13302485"]
[BlackFideId "12573981"]
[WhiteElo "2604"]
[BlackElo "2904"]
[Result "0-1"]
[Round "06"]
[TimeControl "180+2"]
[Date "2023.03.07"]
[WhiteClock "0:00:01"]
[BlackClock "0:00:31"]

1. d4 Nf6 2. c4 g6 3. f3 e6 4. e4 c5 5. d5 d6 6. Nc3 Bg7 7. Bg5 h6 8. Be3 exd5 9. cxd5 a6 10. a4 Nbd7 11. Nh3 Ne5 12. Nf2 Bd7 13. a5 b5 14. axb6 Qxb6 15. Ra2 O-O 16. Be2 Bb5 17. O-O Bc4 18. Bxc4 Nxc4 19. Bc1 Rfe8 20. Kh1 a5 21. Qa4 Qb4 22. Nd3 Qxa4 23. Rxa4 Nd7 24. Rxc4 Nb6 25. Ra4 Bxc3 26. Ra2 Bg7 27. h3 a4 28. Bf4 Red8 29. Rb1 Ra5 30. Rc1 Rb5 31. Rc2 g5 32. Bg3 f5 33. exf5 Nxd5 34. Re2 c4 35. Nf2 c3 36. bxc3 Nxc3 37. Ne4 Nxe2 38. Rxe2 Rxf5 39. Bxd6 Rd5 40. Ba3 Rd1+ 41. Kh2 Be5+ 42. Ng3 Rh1+ 43. Kxh1 Bxg3 44. Bc5 Rd1+ 45. Bg1 a3 0-1


[Site "https://www.chess.com"]

[Event "Titled Tuesday Blitz March 07 Late 2023"]
[White "Duda, Jan-Krzysztof"]
[Black "Real_OceanStorm"]
[WhiteFideId "1170546"]
[WhiteElo "2790"]
[BlackElo "2789"]
[Result "0-1"]
[Round "06"]
[TimeControl "180+2"]
[Date "2023.03.07"]
[WhiteClock "0:00:01"]
[BlackClock "0:00:02"]

1. c3 d5 2. d4 Nf6 3. Bf4 c6 4. e3 g6 5. h3 Bg7 6. Nf3 O-O 7. Be2 c5 8. O-O Nbd7 9. a4 b6 10. Nbd2 Bb7 11. b4 Ne4 12. Qb3 Nxd2 13. Nxd2 e5 14. dxe5 c4 15. Qc2 Nxe5 16. Nf3 Nxf3+ 17. Bxf3 Qe7 18. Rfd1 Rad8 19. Bg3 h5 20. b5 Qf6 21. Rd4 Qe6 22. Rd2 Rfe8 23. a5 Qf6 24. Rd4 Qe6 25. Rdd1 Qf6 26. a6 Ba8 27. Rd4 Qe6 28. Qd2 Bxd4 29. exd4 f6 30. Qh6 Qf7 31. h4 Qh7 32. Qf4 Re6 33. Kh2 Rde8 34. Rg1 Rf8 35. Bd1 Qd7 36. Qh6 Qg7 37. Qd2 Rfe8 38. Bf4 Qh7 39. g3 Re4 40. Be3 Qd7 41. Ba4 R4e6 42. Kg2 f5 43. Rf1 Qf7 44. Qe2 Qe7 45. Qf3 Qf6 46. Bc2 Rf8 47. Bh6 Rfe8 48. Bg5 Qf7 49. Bf4 Re2 50. Bd1 R2e6 51. Ba4 Re1 52. Kg1 Qe6 53. Be5 Rxe5 54. dxe5 Qxe5 55. Bc2 Kf7 56. Rd1 d4 57. cxd4 Bxf3 58. dxe5 Bxd1 59. Bxd1 Rxe5 60. Kf1 Rxb5 61. Be2 Rb4 62. Ke1 Kf6 63. Kd2 Ke5 64. Kc3 Rb3+ 65. Kxc4 Rb2 66. Kd3 Ra2 67. Ke3 Ra3+ 68. Bd3 b5 69. Kd2 b4 70. Bc4 Kd4 71. Bf7 Rxa6 72. Kc2 Rf6 73. Be8 a5 74. Kb3 f4 75. gxf4 Rxf4 76. Bxg6 Rxh4 77. Ka4 Rh1 78. Bf7 Kc5 79. f4 Ra1+ 80. Kb3 Rf1 81. Bxh5 Rxf4 82. Ka4 Rh4 83. Bf3 Rh2 84. Bd1 Ra2+ 85. Kb3 Ra1 86. Bc2 Ra3+ 87. Kb2 Rg3 88. Ba4 Kc4 89. Bc6 Re3 90. Bb7 Re2+ 91. Kc1 Kc3 92. Kd1 Rh2 93. Kc1 a4 94. Kb1 b3 0-1


[Site "https://www.chess.com"]

[Event "Titled Tuesday Blitz March 07 Late 2023"]
[White "Caruana, Fabiano"]
[Black "Fier, Alexandr"]
[WhiteFideId "2020009"]
[BlackFideId "2107139"]
[WhiteElo "2818"]
[BlackElo "2610"]
[Result "1/2-1/2"]
[Round "06"]
[TimeControl "180+2"]
[Date "2023.03.07"]
[WhiteClock "0:00:22"]
[BlackClock "0:00:20"]

1. c4 c5 2. Nc3 Nc6 3. Nf3 Nf6 4. e3 g6 5. d4 cxd4 6. exd4 d5 7. cxd5 Nxd5 8. Bc4 Nb6 9. Bb3 Bg7 10. d5 Na5 11. O-O O-O 12. Re1 Bg4 13. Bg5 Re8 14. h3 Bxf3 15. Qxf3 Nxb3 16. axb3 Bxc3 17. bxc3 Qxd5 18. Qg3 Qxb3 19. Rab1 Qa2 20. Rbd1 f6 21. Bh6 Qf7 22. h4 Rac8 23. Ra1 Nd5 24. Rxa7 Rxc3 25. Qg4 e5 26. Rd1 Rc7 27. Ra5 Nc3 28. Rd6 Rc4 29. Qf3 Ne4 30. Rd1 Nc5 31. Be3 Ne6 32. Rb5 Re7 33. h5 gxh5 34. Rb6 Kg7 35. Rdd6 Rc6 36. Rbxc6 bxc6 37. Qxc6 Qe8 38. Qc4 Nf8 39. Qh4 Qg6 40. Ra6 Rf7 41. Bc5 Qg4 42. Ra4 Qxh4 43. Rxh4 Kg6 44. Rh3 Ne6 45. Rg3+ Kf5 46. Be3 Nf4 47. Rf3 Rd7 48. Bxf4 exf4 49. Ra3 Kg5 50. f3 Rd2 51. Kh2 Rd1 52. Ra5+ Kg6 53. Ra4 Kg5 54. Ra5+ f5 55. Ra7 h6 56. Rg7+ Kf6 57. Rg8 h4 58. Rh8 Kg7 59. Ra8 h3 60. Ra4 hxg2 61. Kxg2 Kg6 62. Rxf4 Kg5 63. Ra4 h5 64. Kg3 Rg1+ 65. Kf2 Rb1 66. Kg3 Rg1+ 67. Kf2 Rh1 68. Kg2 Rh4 69. Ra8 Rc4 70. Ra2 h4 71. Rd2 Kf4 72. Ra2 h3+ 73. Kxh3 Kxf3 74. Ra3+ Kf2 75. Ra2+ Ke3 76. Ra3+ Kf4 77. Kg2 Rc2+ 78. Kf1 Kg4 79. Rb3 f4 80. Ra3 f3 81. Ra8 Kg3 82. Rg8+ Kf4 83. Rf8+ Kg3 84. Rg8+ Kf4 85. Rf8+ Kg3 86. Rg8+ 1/2-1/2


[Site "https://www.chess.com"]

[Event "Titled Tuesday Blitz March 07 Late 2023"]
[White "Deac, Bogdan-Daniel"]
[Black "Hamidi, Amir Mohammad"]
[WhiteFideId "1226380"]
[BlackFideId "12563285"]
[WhiteElo "2649"]
[BlackElo "2228"]
[Result "1-0"]
[Round "06"]
[TimeControl "180+2"]
[Date "2023.03.07"]
[WhiteClock "0:00:20"]
[BlackClock "0:00:34"]

1. b3 e5 2. Bb2 Nc6 3. Nf3 e4 4. Nd4 Nxd4 5. Bxd4 d5 6. e3 Ne7 7. Bb2 Nf5 8. d3 Qg5 9. dxe4 dxe4 10. Qd5 Be7 11. Qxe4 O-O 12. Bd3 Bd7 13. Nd2 Rae8 14. Nf3 Qh6 15. O-O-O Bd6 16. Qxb7 a5 17. a4 Rb8 18. Qa6 Be6 19. Qxa5 Be7 20. Bxf5 Ra8 21. Qe5 Bf6 22. Qe4 Bxb2+ 23. Kxb2 Qf6+ 24. Nd4 c5 25. Bxe6 cxd4 26. Bd5 dxe3+ 27. Qd4 e2 28. Qxf6 exd1=Q 29. Rxd1 gxf6 30. Bxa8 Rxa8 31. c4 1-0


[Site "https://www.chess.com"]

[Event "Titled Tuesday Blitz March 07 Late 2023"]
[White "Lenderman, Aleksandr"]
[Black "Costachi, Mihnea"]
[WhiteFideId "2021285"]
[BlackFideId "1217518"]
[WhiteElo "2607"]
[BlackElo "2456"]
[Result "1-0"]
[Round "06"]
[TimeControl "180+2"]
[Date "2023.03.07"]
[WhiteClock "0:00:21"]
[BlackClock "0:00:01"]

1. Nf3 Nf6 2. c4 g6 3. Nc3 Bg7 4. e4 d6 5. d4 O-O 6. Be2 Na6 7. O-O e5 8. Be3 c6 9. d5 Ng4 10. Bg5 f6 11. Bc1 c5 12. a3 Qe7 13. Rb1 b6 14. b4 Nh6 15. Be3 Nf7 16. Qc1 f5 17. Ne1 f4 18. Bd2 g5 19. Qd1 Nh6 20. f3 Rf7 21. Nd3 Bf8 22. Nf2 Rg7 23. g4 fxg3 24. hxg3 Bd7 25. Kg2 Rg6 26. Rh1 g4 27. fxg4 Bg7 28. g5 Rxg5 29. Bxg5 Qxg5 30. Qc1 Qf6 31. Qe3 Rf8 32. b5 Nc7 33. Rbf1 Nf7 34. Bg4 Bxg4 35. Nxg4 Qg6 36. Qe2 Ne8 37. Rf5 Nh6 38. Nxh6+ Bxh6 39. Qh5 Qxh5 40. Rhxh5 Bd2 41. Rxf8+ Kxf8 42. Ne2 Nf6 43. Rf5 Kg7 44. Kf3 Kg6 45. g4 Bg5 46. Ng3 h6 47. a4 Bh4 48. Nh5 Bg5 49. Nxf6 Bxf6 50. Ke2 Kg7 51. Kd3 Kg6 52. Kc2 Kg7 53. Kb3 Kg6 54. a5 Kg7 55. Rf2 bxa5 56. b6 axb6 57. Ka4 Kg6 58. Kb5 Be7 59. Rf5 1-0


[Site "https://www.chess.com"]

[Event "Titled Tuesday Blitz March 07 Late 2023"]
[White "Yoo, Christopher Woojin"]
[Black "Rorrer, Grayson"]
[WhiteFideId "30909694"]
[BlackFideId "30944996"]
[WhiteElo "2519"]
[BlackElo "2200"]
[Result "1-0"]
[Round "06"]
[TimeControl "180+2"]
[Date "2023.03.07"]
[WhiteClock "0:00:05"]
[BlackClock "0:00:04"]

1. e4 c5 2. Nf3 d6 3. Bb5+ Nd7 4. O-O a6 5. Bxd7+ Bxd7 6. d4 cxd4 7. Nxd4 Nf6 8. Re1 e5 9. Nf3 h6 10. c4 Rc8 11. b3 b5 12. cxb5 axb5 13. Ba3 Bc6 14. Qd3 Be7 15. Bb4 O-O 16. Nc3 Qb6 17. Rad1 Rfd8 18. Nd2 Qb7 19. Nf1 d5 20. Bxe7 Qxe7 21. exd5 Nxd5 22. Nxd5 Rxd5 23. Qf5 Re8 24. Rxd5 Bxd5 25. Ne3 Bc6 26. Rc1 Qb7 27. h4 Bd7 28. Qd3 Be6 29. Rc5 Rb8 30. Rxe5 Qa7 31. Qd2 Ra8 32. Rxb5 Qxa2 33. Rb8+ Kh7 34. Qxa2 Rxa2 35. b4 Rb2 36. b5 g5 37. hxg5 hxg5 38. b6 Kg7 39. b7 Kf6 40. f3 Ke7 41. Kh2 Kd7 42. Kg3 Kc7 43. Rg8 Rxb7 44. Rxg5 Rb6 45. Kf4 Rb4+ 46. Ke5 Rb3 47. Nf5 Rb5+ 48. Kf6 Rb6 49. Ng7 Bc4+ 50. Ke7 Rc6 51. Ne8+ Kb6 52. Nd6 Bb3 53. Rb5+ Ka6 54. Rxb3 Rc7+ 55. Kf6 Rc6 56. Rd3 1-0


[Site "https://www.chess.com"]

[Event "Titled Tuesday Blitz March 07 Late 2023"]
[White "EREBUNI91"]
[Black "Durarbayli, Vasif"]
[BlackFideId "13402935"]
[WhiteElo "2749"]
[BlackElo "2543"]
[Result "0-1"]
[Round "06"]
[TimeControl "180+2"]
[Date "2023.03.07"]
[WhiteClock "0:00:08"]
[BlackClock "0:00:07"]

1. e4 c5 2. Nc3 a6 3. g3 b5 4. Bg2 Bb7 5. Nge2 b4 6. Na4 e6 7. d4 cxd4 8. Nxd4 Nf6 9. Qe2 Nc6 10. Nb3 Qc7 11. O-O d6 12. Rd1 Be7 13. Be3 O-O 14. Rac1 Ne5 15. c3 Bxe4 16. cxb4 Qb7 17. Bxe4 Qxe4 18. Nd4 Nd5 19. Nc3 Nxc3 20. bxc3 Rfc8 21. c4 h6 22. Rc2 Rab8 23. a3 Bf6 24. Rdc1 Rc7 25. c5 dxc5 26. bxc5 Rd8 27. f3 Qa8 28. c6 Rd5 29. Kg2 Qd8 30. Nb3 Rd3 31. Nc5 Rxa3 32. Ne4 Qd3 33. Bb6 Qxe2+ 34. Rxe2 Rxc6 35. Rxc6 Nxc6 36. Nxf6+ gxf6 37. Rc2 Nb4 38. Rc8+ Kg7 39. Bd4 Ra2+ 40. Kh3 Nd5 41. f4 Kg6 42. Rg8+ Kh7 43. Rf8 Kg7 44. Ra8 h5 45. Ra7 Kg6 46. Ra8 a5 47. Rg8+ Kh7 48. Ra8 a4 49. f5 exf5 50. Ra5 Nc7 51. Rxf5 Ne6 52. Bxf6 Kg6 53. Rf1 a3 54. Bc3 Ng5+ 0-1


[Site "https://www.chess.com"]

[Event "Titled Tuesday Blitz March 07 Late 2023"]
[White "Liang, Awonder"]
[Black "Hambleton, Aman"]
[WhiteFideId "2056437"]
[BlackFideId "2606577"]
[WhiteElo "2508"]
[BlackElo "2511"]
[Result "1-0"]
[Round "06"]
[TimeControl "180+2"]
[Date "2023.03.07"]
[WhiteClock "0:00:16"]
[BlackClock "0:00:04"]

1. c4 c5 2. b3 b6 3. Bb2 Bb7 4. Nf3 e6 5. g3 Nf6 6. Bg2 Be7 7. O-O a6 8. Nc3 d6 9. Re1 O-O 10. e4 Qc7 11. d4 cxd4 12. Nxd4 Nbd7 13. g4 h6 14. Rc1 Rac8 15. f4 Rfe8 16. h4 g6 17. g5 hxg5 18. hxg5 Nh5 19. Qg4 Bf8 20. Rcd1 Bg7 21. f5 Ne5 22. Qh4 b5 23. f6 Bf8 24. cxb5 axb5 25. Ndxb5 Qb6+ 26. Qf2 Qxf2+ 27. Kxf2 Ng4+ 28. Kf3 Ne5+ 29. Ke3 Ng4+ 30. Kd2 d5 31. exd5 Nf4 32. Bf3 Nh2 33. Bh1 exd5 34. Rxe8 Rxe8 35. Re1 Rd8 36. Na4 d4 37. Bxb7 Bb4+ 38. Kd1 Bxe1 39. Kxe1 Nd3+ 40. Kd2 Nxb2 41. Nxb2 Rb8 42. Bc6 Rb6 43. Nxd4 Kf8 44. Nc4 Rb8 45. a4 Nf1+ 46. Kc3 Ng3 47. a5 Nh5 48. a6 Nf4 49. a7 Rc8 50. a8=N Nh3 51. Nab6 Rd8 52. Nd7+ Kg8 53. Nf3 Kh8 54. b4 Nf4 55. Nce5 Rf8 56. b5 Ne6 57. b6 Nd8 58. Bd5 Kg8 59. Nxg6 Re8 60. Nge5 Ne6 61. Bxe6 Rxe6 62. b7 Re8 63. b8=N Kh7 64. Nbc6 Rg8 65. Nxf7 Rc8 66. Nf7e5 Ra8 67. Kd4 Ra4+ 68. Kd5 Kh8 69. Kd6 Rf4 70. Ke6 Ra4 71. Nfd4 Ra8 72. Nf5 Re8+ 73. Nce7 Kh7 74. Kd5 Rd8 75. Ke4 Ra8 76. Kf4 Ra4+ 77. Kf3 Ra3+ 78. Ke2 Rh3 79. Kd2 Kh8 80. Kc2 Rh2+ 81. Kc3 Rh3+ 82. Kb4 Rh1 83. Kb5 Rg1 84. Nf7+ Kh7 85. Nf8# 1-0


[Site "https://www.chess.com"]

[Event "Titled Tuesday Blitz March 07 Late 2023"]
[White "Adewumi, Tanitoluwa"]
[Black "Bluebaum, Matthias"]
[WhiteFideId "30966396"]
[BlackFideId "24651516"]
[WhiteElo "2746"]
[BlackElo "2638"]
[Result "0-1"]
[Round "06"]
[TimeControl "180+2"]
[Date "2023.03.07"]
[WhiteClock "0:00:01"]
[BlackClock "0:00:30"]

1. e4 e6 2. d4 d5 3. exd5 exd5 4. Nf3 Nc6 5. Nc3 Bb4 6. Bd3 Nge7 7. O-O O-O 8. Bf4 Bxc3 9. bxc3 Bf5 10. Re1 f6 11. c4 Qd7 12. cxd5 Nxd5 13. Bg3 Ndb4 14. Bxf5 Qxf5 15. c3 Nd5 16. c4 Nb6 17. d5 Na5 18. Nd4 Qd7 19. Ne6 Rfc8 20. Qg4 Naxc4 21. Rac1 Nd6 22. h3 Nxd5 23. Rcd1 f5 24. Qd4 Nf6 25. Bh4 Nfe4 26. f3 Qxe6 27. fxe4 Nxe4 28. Rd3 Qb6 29. Qxb6 axb6 30. Rd7 Rxa2 31. Rf1 Nd6 32. Bg3 Nc4 0-1


[Site "https://www.chess.com"]

[Event "Titled Tuesday Blitz March 07 Late 2023"]
[White "Aldokhin, Ivan"]
[Black "Vazquez, Guillermo"]
[WhiteFideId "24115720"]
[BlackFideId "3702308"]
[WhiteElo "2322"]
[BlackElo "2543"]
[Result "0-1"]
[Round "06"]
[TimeControl "180+2"]
[Date "2023.03.07"]
[WhiteClock "0:00:03"]
[BlackClock "0:00:39"]

1. e4 c6 2. Nc3 d5 3. d4 dxe4 4. Nxe4 Nf6 5. Nxf6+ exf6 6. c3 Bd6 7. Bd3 O-O 8. Ne2 Re8 9. Qc2 h5 10. O-O h4 11. h3 Nd7 12. Kh1 Nf8 13. Ng1 Bc7 14. f4 g6 15. Qf2 c5 16. Nf3 cxd4 17. cxd4 f5 18. Bc4 Be6 19. b3 Bxc4 20. bxc4 Ne6 21. d5 Nxf4 22. Bxf4 Bxf4 23. Nxh4 Re4 24. Rad1 Be3 25. Qf3 Qxh4 26. d6 Rd8 27. Rd5 Rf4 28. Qe2 Rxf1+ 29. Qxf1 b6 30. d7 Bg5 31. Qd1 Qxc4 32. Rd4 Qe6 33. Rd6 Qe7 34. Qd5 Kg7 35. Qd4+ Bf6 36. Qd5 Qe1+ 37. Kh2 Be5+ 0-1


[Site "https://www.chess.com"]

[Event "Titled Tuesday Blitz March 07 Late 2023"]
[White "Kramnik, Vladimir"]
[Black "Grover, Sahaj"]
[WhiteFideId "4101588"]
[BlackFideId "5021103"]
[WhiteElo "2712"]
[BlackElo "2432"]
[Result "0-1"]
[Round "06"]
[TimeControl "180+2"]
[Date "2023.03.07"]
[WhiteClock "0:00:01"]
[BlackClock "0:00:07"]

1. d4 d5 2. Nf3 Nf6 3. e3 g6 4. Be2 Bg7 5. O-O O-O 6. b4 a5 7. b5 c5 8. bxc6 Nxc6 9. c3 a4 10. Ba3 Re8 11. Nbd2 Qa5 12. c4 e5 13. cxd5 Qxd5 14. Nc4 exd4 15. Nb6 Qa5 16. Nxa8 dxe3 17. fxe3 Ng4 18. Bc4 Nxe3 19. Qe1 Qxa8 20. Ng5 Be6 21. Bxe6 fxe6 22. Rf7 Qa7 23. Qf2 Nf5 24. Bc5 Qb8 25. Rb1 b5 26. g4 Ne5 27. gxf5 Nxf7 28. Nxe6 Qe5 29. Nxg7 Qxg7 30. Bd4 Qh6 31. Rf1 Qg5+ 32. Kh1 Qxf5 33. Qxf5 gxf5 34. Rxf5 Re4 35. Bf2 b4 36. Ra5 a3 37. Kg2 Ne5 38. Ra8+ Kf7 39. Ra7+ Kg6 40. Re7 Kf5 41. Rxh7 Nd3 42. Rf7+ Ke6 43. Rf3 b3 0-1


[Site "https://www.chess.com"]

[Event "Titled Tuesday Blitz March 07 Late 2023"]
[White "Rasulov, Vugar"]
[Black "Goltsev, Dmitry"]
[WhiteFideId "13402390"]
[BlackFideId "24176710"]
[WhiteElo "2509"]
[BlackElo "2336"]
[Result "1-0"]
[Round "06"]
[TimeControl "180+2"]
[Date "2023.03.07"]
[WhiteClock "0:00:23"]
[BlackClock "0:00:01"]

1. Nf3 d5 2. c4 c6 3. e3 Nf6 4. Nc3 g6 5. d4 Bg7 6. Be2 O-O 7. O-O Nbd7 8. b3 Re8 9. Bb2 e6 10. Rc1 a6 11. b4 b5 12. cxd5 cxd5 13. a4 bxa4 14. Nxa4 Ne4 15. Ba3 Bf8 16. Nc5 a5 17. b5 Nb6 18. Ne5 Nd6 19. Bd3 f6 20. Nc6 Qc7 21. Qe2 e5 22. dxe5 fxe5 23. e4 d4 24. f4 Bh6 25. fxe5 Nf7 26. e6 Bxe6 27. Nxe6 Rxe6 28. Nxd4 Qe5 29. Nxe6 Bxc1 30. Rxc1 Qxe6 31. Bc5 Rc8 32. Rc2 a4 33. Bd4 Rd8 34. Rc6 Qd7 35. Bxb6 Qxd3 36. Qxd3 Rxd3 37. Bc5 Ne5 38. Rc8+ Kf7 39. b6 Rb3 40. Rc7+ Ke6 41. h3 Nd7 42. Bd4 Rb4 43. Rc6+ Ke7 44. Be3 Rxe4 45. Bg5+ Kf7 46. Rd6 Nc5 47. Rf6+ Ke8 48. Rc6 Nb7 49. Rc8+ Kd7 50. Rc7+ Kd6 51. Rxb7 Kc6 52. Rb8 a3 53. Ra8 Re1+ 54. Kh2 Ra1 55. Bf6 Rf1 56. Bd4 Rd1 57. Rc8+ Kb7 58. Rc7+ Ka8 59. Be5 1-0


[Site "https://www.chess.com"]

[Event "Titled Tuesday Blitz March 07 Late 2023"]
[White "Ibarra Jerez, Jose Carlos"]
[Black "Martynov, Pavel"]
[WhiteFideId "2226332"]
[BlackFideId "4101260"]
[WhiteElo "2638"]
[BlackElo "2314"]
[Result "1-0"]
[Round "06"]
[TimeControl "180+2"]
[Date "2023.03.07"]
[WhiteClock "0:00:46"]
[BlackClock "0:00:39"]

1. e4 c5 2. Nf3 e6 3. d4 cxd4 4. Nxd4 Nc6 5. Nc3 Qc7 6. Be3 a6 7. g4 b5 8. Nxc6 Qxc6 9. Qd2 Bb7 10. O-O-O Nf6 11. f3 b4 12. Ne2 d5 13. Nd4 Qc7 14. e5 Nd7 15. f4 Rc8 16. Kb1 Bc5 17. h4 Nb6 18. b3 Nd7 19. g5 Bb6 20. f5 Nc5 21. Bg2 Bc6 22. h5 a5 23. g6 a4 24. gxf7+ Qxf7 25. fxe6 Nxe6 26. Nxe6 Qxe6 27. Bxb6 1-0


[Site "https://www.chess.com"]

[Event "Titled Tuesday Blitz March 07 Late 2023"]
[White "Hernandez Gonzalez, William"]
[Black "Dominguez Perez, Leinier"]
[WhiteFideId "3509915"]
[BlackFideId "3503240"]
[WhiteElo "2374"]
[BlackElo "2647"]
[Result "0-1"]
[Round "06"]
[TimeControl "180+2"]
[Date "2023.03.07"]
[WhiteClock "0:00:08"]
[BlackClock "0:01:10"]

1. e4 c5 2. Nf3 d6 3. d4 cxd4 4. Nxd4 Nf6 5. Nc3 a6 6. Bg5 Nbd7 7. Qe2 h6 8. Bxf6 Nxf6 9. O-O-O e5 10. Nf5 Be6 11. Ne3 Rc8 12. Ned5 Nxd5 13. Nxd5 Rc5 14. g3 Bxd5 15. Rxd5 Rxd5 16. exd5 g6 17. Bg2 Bg7 18. Kb1 O-O 19. h4 e4 20. Bxe4 Qb6 21. c3 Bxc3 22. Qc2 Bg7 23. h5 g5 24. g4 Bf6 25. f3 Kg7 26. Rc1 Rc8 27. Qd2 Rxc1+ 28. Qxc1 a5 29. a3 a4 30. Qc2 Qd4 31. Ka2 b5 32. Kb1 b4 33. axb4 a3 34. Qb3 axb2 35. Ka2 Qa7+ 36. Qa3 Qg1 37. Qb3 Qa1# 0-1


[Site "https://www.chess.com"]

[Event "Titled Tuesday Blitz March 07 Late 2023"]
[White "Dardha, Daniel"]
[Black "Do Valle Cardoso, Lucas"]
[WhiteFideId "240990"]
[BlackFideId "2163144"]
[WhiteElo "2581"]
[BlackElo "2383"]
[Result "1-0"]
[Round "06"]
[TimeControl "180+2"]
[Date "2023.03.07"]
[WhiteClock "0:01:04"]
[BlackClock "0:00:57"]

1. d4 d5 2. c4 dxc4 3. e4 e5 4. Nf3 exd4 5. Bxc4 Nc6 6. Qb3 Bb4+ 7. Bd2 Qe7 8. Bxb4 Qxb4+ 9. Qxb4 Nxb4 10. Nxd4 a6 11. a3 c5 12. axb4 cxd4 13. f3 Nf6 14. Nd2 Be6 15. Ke2 Ke7 16. Rhc1 Rac8 17. Kd3 Rhd8 18. Bxe6 fxe6 19. Rxc8 Rxc8 20. Kxd4 Rc2 21. Kd3 Rc7 22. b5 axb5 23. Ra5 Rc5 24. b4 Rh5 25. Nf1 Nd7 26. Ra7 b6 27. h3 Kd6 28. Ne3 Rh6 29. Ng4 Rg6 30. Rxd7+ Kxd7 31. Ne5+ Kd6 32. Nxg6 hxg6 33. h4 Kd7 34. Ke3 e5 35. Kf2 Ke6 36. Kg3 Ke7 37. Kg4 Kf6 38. g3 g5 39. h5 Ke6 40. Kxg5 1-0


[Site "https://www.chess.com"]

[Event "Titled Tuesday Blitz March 07 Late 2023"]
[White "Czernek, Tymon"]
[Black "Rustemov, Alexander"]
[WhiteFideId "1199510"]
[BlackFideId "4119002"]
[WhiteElo "2156"]
[BlackElo "2863"]
[Result "0-1"]
[Round "06"]
[TimeControl "180+2"]
[Date "2023.03.07"]
[WhiteClock "0:00:03"]
[BlackClock "0:00:49"]

1. e4 e6 2. d4 d5 3. Nc3 dxe4 4. Nxe4 Bd7 5. Bd3 Bc6 6. Nf3 Nd7 7. O-O Ngf6 8. Nxf6+ Qxf6 9. c3 Bxf3 10. Qxf3 Qxf3 11. gxf3 Bd6 12. Re1 O-O 13. Kg2 Nf6 14. b3 Nh5 15. Be4 c6 16. Be3 Rad8 17. Rad1 Rd7 18. Kh1 g6 19. Bh6 Rfd8 20. Bc2 Bf4 21. Bxf4 Nxf4 22. Re4 Nd5 23. Rd3 b5 24. a3 a5 25. Kg1 Kg7 26. Kf1 Kf6 27. Ke1 g5 28. Re5 Nf4 29. Rd2 h6 30. Be4 Rd6 31. Rc5 Rc8 32. a4 bxa4 33. bxa4 Rb8 34. Rxa5 Rb3 35. Rc2 Ra3 36. Rc1 Kg7 37. Ra7 Ra2 38. Kf1 c5 39. Rd1 cxd4 40. cxd4 Rb6 41. Rb1 Rxb1+ 42. Bxb1 Ra1 43. Rb7 Rxa4 44. Be4 Rxd4 45. Ke1 h5 46. h4 gxh4 47. Rb5 f5 48. Bc6 h3 49. Rb7+ Kf6 0-1


[Site "https://www.chess.com"]

[Event "Titled Tuesday Blitz March 07 Late 2023"]
[White "Berezin, Viktor"]
[Black "Samsonkin, Artiom"]
[WhiteFideId "14107872"]
[BlackFideId "13503111"]
[WhiteElo "2310"]
[BlackElo "2524"]
[Result "0-1"]
[Round "06"]
[TimeControl "180+2"]
[Date "2023.03.07"]
[WhiteClock "0:00:03"]
[BlackClock "0:00:19"]

1. d4 d5 2. c4 e6 3. Nf3 Nf6 4. g3 dxc4 5. Bg2 c5 6. O-O Nc6 7. dxc5 Qxd1 8. Rxd1 Bxc5 9. Nfd2 Ne5 10. Na3 c3 11. bxc3 O-O 12. Nac4 Neg4 13. e3 Nd5 14. Bb2 b5 15. Na5 Bb6 16. Ndb3 Ne5 17. Rac1 Ba6 18. Bxd5 exd5 19. Rxd5 Rfe8 20. c4 Nf3+ 21. Kf1 bxc4 22. Kg2 cxb3 23. Kxf3 bxa2 24. Ra1 Bc8 25. e4 Be6 26. Rb5 Rac8 27. Nb3 Rc2 28. Bd4 Bc4 29. Rb4 Bxb3 30. Bxb6 Rc3+ 31. Be3 f5 32. Ke2 Rc2+ 33. Kf3 fxe4+ 34. Kg2 Rb2 35. Bd4 Rb1 36. h3 a5 37. Rb5 a4 38. Rb6 Rd8 39. Be5 Rxa1 40. Bxa1 Rd1 41. Be5 a1=Q 42. Rb7 Qxe5 0-1


[Site "https://www.chess.com"]